cohdb
Replays
Latest Replays
All Replays
Popular Replays
Top Player Replays
Match Explorer
How It Works
Community
CoH3 Stats
Reddit
Sign in to upload your games and track your stats! →
Sign in with Steam
Match 45187684
Unlisted
Match 45187684
Overview
Messages
Build Orders
End
Construct Weapon Support Center
Scout Squad
Selects Heavy Weapons
M1919 Machine Gun Team
M1919 Machine Gun Team
Infantry Support Center
Construct Medical Station
Construct Medical Station
Selects M2HB .50cal Heavy Machine Gun
Engineer Squad
Construct Motor Pool
M8 Greyhound Armored Car
Selects Assault Carriers
Selects Halftrack Strongpoints
M3 Assault Carrier
Engineer Squad
Construct Tank Depot
Bazooka Squad
Engineer Squad
Selects Rapid Reposition
M1919 Machine Gun Team
M4(105) Sherman Bulldozer
Max1boy
SneaKerz
gb_gbg
Gladiak
Rolon
wlfsen
0
0
Comments
sign in to comment!
No comments posted yet!